 Dungeon Crawl Stone Soup version 0.22.0-38-g04b72b8 (webtiles) character file.

12595 sbiou the Spear-Bearer (level 11, -5/88 HPs)
             Began as a Gnoll Wanderer on Aug 28, 2018.
             Was a Believer of Ru.
             Slain by an enchanted long sword (11 damage)
             ... on level 13 of the Dungeon on Aug 31, 2018.
             The game lasted 02:22:04 (12832 turns).

sbiou the Spear-Bearer (Gnoll Wanderer)            Turns: 12832, Time: 02:22:05

Health: -5/88      AC: 13    Str: 19    XL:     11   Next: 95%
Magic:  14/21      EV: 22    Int: 10    God:    Ru [**....]
Gold:   757        SH:  6    Dex: 16    Spells: 16/24 levels left

rFire    + + .     SeeInvis .   A - +6 double sword
rCold    + . .     Gourm    .   d - +0 buckler
rNeg     . . .     Faith    .   c - +2 steam dragon scales
rPois    .         Spirit   .   o - +2 hat
rElec    .         Reflect  .   B - +1 cloak
rCorr    .         Harm     .   (no gloves)
MR       .....                  t - +0 pair of boots
Stlth    ++++......             Z - amulet of regeneration
HPRegen  0.64/turn              F - ring of Xom's Passing Interest {rF+ rC+}
MPRegen  0.17/turn              W - +5 ring of evasion

@: no status effects
A: distributed training, antennae 1, fangs 1, rugged brown scales 1, dopey 1,
fire resistance 1, inability to train armour, magic vulnerability 1, strong nose
a: Renounce Religion


You were on level 13 of the Dungeon.
You worshipped Ru.
Ru was pleased with you.
You were hungry.

You visited 2 branches of the dungeon, and saw 14 of its levels.

You collected 757 gold pieces.

Inventory:

Hand Weapons
 a - a +5 spear
 A - a +6 double sword (weapon)
 G - a +0 triple sword of protection
Missiles
 j - 55 stones
 r - 191 arrows
 x - 93 poisoned needles
 D - 4 poisoned javelins (quivered)
 X - 2 tomahawks
Armour
 c - +2 steam dragon scales (worn)
 d - a +0 buckler (worn)
 o - a +2 hat (worn)
 t - a +0 pair of boots (worn)
 B - a +1 cloak (worn)
 M - a +0 helmet
Jewellery
 e - an uncursed ring of protection from cold
 l - an uncursed amulet of guardian spirit {unknown}
 m - a cursed ring of teleportation {unknown}
 C - a +1 ring of evasion
 F - the ring of Xom's Passing Interest (left hand) {rF+ rC+}
   (You found it on level 12 of the Dungeon)

   [ring of protection from fire]

   It protects you from fire.
   It protects you from cold.
 R - an uncursed ring of ice
 U - an uncursed ring of fire
 W - a +5 ring of evasion (right hand)
 Z - an amulet of regeneration (around neck)
Wands
 g - a wand of paralysis (12)
 k - a wand of iceblast (12)
 u - a wand of flame (14)
 v - a wand of digging (9)
 O - a wand of polymorph (3)
 S - a wand of disintegration (7)
Scrolls
 p - 4 scrolls of fog
 s - 3 scrolls of identify
 y - 5 scrolls of remove curse
 z - a scroll of amnesia
 N - a scroll of teleportation
 Q - a scroll of magic mapping
 T - 3 scrolls of fear
Potions
 b - a potion of curing
 h - a potion of invisibility
 i - a potion of cancellation
 q - 2 potions of heal wounds
 w - a potion of might
 E - a potion of resistance
 K - 3 potions of flight
 L - a potion of brilliance
 Y - a potion of lignification
Comestibles
 f - 27 rations


   Skills:
 + Level 8.2 Fighting
 + Level 6.6 Short Blades
 + Level 6.6 Long Blades
 + Level 6.6 Axes
 + Level 6.6 Maces & Flails
 + Level 8.2 Polearms
 + Level 6.6 Staves
 + Level 6.6 Slings
 + Level 6.6 Bows
 + Level 6.6 Crossbows
 + Level 6.6 Throwing
   Level 0.0 Armour
 + Level 7.2 Dodging
 + Level 7.1 Stealth
 + Level 6.6 Shields
 + Level 6.6 Unarmed Combat
 + Level 7.3 Spellcasting
 + Level 5.5 Conjurations
 + Level 5.5 Hexes
 + Level 5.5 Charms
 + Level 5.5 Summonings
 + Level 5.5 Necromancy
 + Level 5.5 Translocations
 + Level 5.5 Transmutations
 + Level 5.5 Fire Magic
 + Level 5.5 Ice Magic
 + Level 5.5 Air Magic
 + Level 5.5 Earth Magic
 + Level 6.8 Poison Magic
 + Level 7.3 Invocations
 + Level 7.2 Evocations


You had 16 spell levels left.
You knew the following spells:

 Your Spells              Type           Power        Failure   Level  Hunger
a - Blink                 Tloc           N/A          2%          2    ##.....
b - Call Imp              Summ           ##......     2%          2    ##.....
c - Magic Dart            Conj           ##..         1%          1    None
d - Confuse               Hex            ##......     5%          3    ###....

Your spell library contained the following spells:

 Spells                   Type           Power        Failure   Level  Hunger
 Confusing Touch          Hex            ##....       1%          1    None
 Summon Butterflies       Summ           ##......     1%          1    None
 Summon Small Mammal      Summ           ##..         1%          1    None
 Searing Ray              Conj           ##....       2%          2    ##.....
 Slow                     Hex            ##......     2%          2    ##.....
 Mephitic Cloud           Conj/Pois/Air  ###.....     4%          3    ###....
 Conjure Flame            Conj/Fire      ##......     5%          3    ###....
 Dazzling Spray           Conj/Hex       ##....       5%          3    ###....
 Gell's Gravitas          Tloc           ##........   5%          3    ###....
 Force Lance              Conj/Tloc      ##......     19%         4    ####...
 Fulminant Prism          Conj/Hex       ##........   19%         4    ####...
 Iskenderun's Mystic Bla  Conj           ##......     19%         4    ####...
 Petrify                  Tmut/Erth      ##......     19%         4    ####...
 Sticky Flame             Conj/Fire      ##......     19%         4    ####...
 Aura of Abjuration       Summ           ##........   45%         5    ######.
 Metabolic Englaciation   Hex/Ice        ##........   45%         5    ######.
 Summon Forest            Summ/Tloc      ##........   45%         5    ######.
 Yara's Violent Unravell  Hex/Tmut       ##........   45%         5    ######.
 Shadow Creatures         Summ           N/A          96%         6    #######
 Controlled Blink         Tloc           N/A          100%        8    #######


Dungeon Overview and Level Annotations

Branches:
Dungeon (13/15)            Temple (1/1) D:6            Lair (0/6) D:11
    Orc (0/2) D:10         Vaults (0/5) D:13

Altars:
Ashenzari
Cheibriados
Dithmenos
Elyvilon
Fedhas
Gozag
Hepliaklqana
Kikubaaqudgha
Makhleb
Nemelex Xobeh
Okawaru
Qazlal
Ru
Sif Muna
Trog
Uskayaw
Vehumet
Wu Jian
Xom
Yredelemnul
Zin
The Shining One

Shops:
D:9 }   D:10 [

Annotations:
D:2 Terence


Innate Abilities, Weirdness & Mutations

Your experience applies equally to all skills.
You have very sharp teeth.
You cannot train Armour skill.
You are slightly vulnerable to magic. (MR-)
Your uncanny sense of smell can sniff out nearby items.
You have a pair of small antennae on your head.
You are partially covered in rugged brown scales. (AC +1, +3% HP)
You are dopey. (Int -2)
Your flesh is heat resistant. (rF+)


Message History

The enchanted long sword is moderately damaged.
The enchanted long sword hits you but does no damage.
The enchanted long sword hits you!
* * * LOW HITPOINT WARNING * * *
Your crimson imp blinks!
You miss the enchanted long sword.
The enchanted long sword is moderately damaged.
The enchanted long sword hits you.
* * * LOW HITPOINT WARNING * * *
The enchanted long sword hits you.
* * * LOW HITPOINT WARNING * * *
You barely miss the enchanted long sword.
Your bite misses the enchanted long sword.
The enchanted long sword is moderately damaged.
The enchanted long sword hits you.
* * * LOW HITPOINT WARNING * * *
You barely miss the enchanted long sword.
The enchanted long sword is moderately damaged.
The enchanted long sword hits you!
You die...

.. ... ####.###
#....... ##......
#<..5.. ∆
#.....#####...
####....5@(∩.....
........5#####...
###......#(#.
#...........
#..((.......
######..###.# .##
# .# .#


You could see an enchanted long sword, 2 friendly crimson imps and a friendly
white imp.

Vanquished Creatures
  Rupert (D:12)
  A dancing weapon (D:13)
  Pikel (D:6)
  A manticore (D:12)
  A gargoyle (D:12)
  A troll (D:10)
  Prince Ribbit (D:7)
  A wyvern (D:11)
  7 yaks
  Eustachio (D:6)
  A water elemental (D:11)
  A steam dragon (D:9)
  3 water moccasins
  4 wargs (D:10)
  A soldier ant (D:12)
  An orc warrior (D:5)
  A slave (D:6)
  An ice beast (D:6)
  A black bear (D:10)
  An eye of draining (D:9)
  8 ogres
  A sky beast (D:7)
  2 necrophages
  2 phantoms
  3 wolves (D:11)
  7 centaurs
  A big kobold (D:8)
  4 bullfrogs
  3 scorpions
  16 killer bees
  A howler monkey (D:10)
  2 electric eels (D:11)
  A bullfrog zombie (D:9)
  6 hounds
  2 jellies
  12 orc wizards
  Crazy Yiuf (D:2)
  6 orc priests
  A bullfrog skeleton (D:5)
  Jessica (D:3)
  Ijyb (D:3)
  4 iguanas
  Natasha (twice) (D:4)
  10 worker ants
  A killer bee zombie (D:9)
  A worker ant zombie (D:7)
  7 gnolls
  10 adders
  3 shadow imps
  An ooze (D:1)
  An adder zombie (D:9)
  A worm (D:4)
  2 dart slugs (D:1)
  4 leopard geckos
  24 orcs
  8 bats
  5 giant cockroaches
  19 goblins
  17 hobgoblins
  8 jackals
  4 quokkas
  2 ball pythons
  4 frilled lizards
  20 kobolds
  A leopard gecko skeleton (D:4)
  7 rats
278 creatures vanquished.

Vanquished Creatures (collateral kills)
  Urug (D:11)
  3 yaks
  A basilisk (D:12)
  An orc warrior (D:12)
  A sky beast (D:10)
  A wolf (D:11)
  3 killer bees (D:9)
  2 hounds (D:11)
  An orc wizard (D:12)
  A hound skeleton (D:9)
  3 orcs
  A kobold (D:11)
19 creatures vanquished.

Vanquished Creatures (others)
  A troll (D:11)
  2 slaves (D:6)
  A killer bee (D:9)
  2 hounds (D:11)
  2 worker ants (D:6)
  2 orcs
10 creatures vanquished.

Grand Total: 307 creatures vanquished

Notes
Turn   | Place    | Note
-------+----------+-------------------------------------------
     0 | D:1      | sbiou the Gnoll Wanderer began the quest for the Orb.
     0 | D:1      | sbiou set off with: a +2 spear, a potion of curing, a potion of lignification, a +0 robe, a ration
     0 | D:1      | Reached XP level 1. HP: 20/20 MP: 4/4
   122 | D:1      | Reached XP level 2. HP: 21/26 MP: 5/5
   395 | D:1      | Reached XP level 3. HP: 19/31 MP: 7/7
   882 | D:2      | Gained mutation: You occasionally shout uncontrollably at your foes. [potion of mutation]
   882 | D:2      | Gained mutation: You have sharp fingernails. [potion of mutation]
   931 | D:2      | Reached skill level 1 in Invocations
   998 | D:2      | Noticed Terence
  1621 | D:2      | Found a runed door.
  1747 | D:2      | Noticed Crazy Yiuf
  1756 | D:2      | Killed Crazy Yiuf
  1756 | D:2      | Reached skill level 1 in Short Blades
  1756 | D:2      | Reached skill level 1 in Long Blades
  1756 | D:2      | Reached skill level 1 in Axes
  1756 | D:2      | Reached skill level 1 in Maces & Flails
  1756 | D:2      | Reached skill level 1 in Staves
  1756 | D:2      | Reached skill level 1 in Slings
  1756 | D:2      | Reached skill level 1 in Bows
  1756 | D:2      | Reached skill level 1 in Crossbows
  1756 | D:2      | Reached skill level 1 in Throwing
  1756 | D:2      | Reached skill level 1 in Armour
  1756 | D:2      | Reached skill level 1 in Shields
  1756 | D:2      | Reached skill level 1 in Unarmed Combat
  1756 | D:2      | Reached XP level 4. HP: 22/38 MP: 8/8
  1852 | D:3      | Reached skill level 1 in Conjurations
  1852 | D:3      | Reached skill level 1 in Hexes
  1852 | D:3      | Reached skill level 1 in Charms
  1852 | D:3      | Reached skill level 1 in Summonings
  1852 | D:3      | Reached skill level 1 in Necromancy
  1852 | D:3      | Reached skill level 1 in Translocations
  1852 | D:3      | Reached skill level 1 in Transmutations
  1852 | D:3      | Reached skill level 1 in Fire Magic
  1852 | D:3      | Reached skill level 1 in Ice Magic
  1852 | D:3      | Reached skill level 1 in Air Magic
  1852 | D:3      | Reached skill level 1 in Earth Magic
  1855 | D:3      | Lost mutation: You occasionally shout uncontrollably at your foes. [potion of mutation]
  1855 | D:3      | Lost mutation: You have sharp fingernails. [potion of mutation]
  1855 | D:3      | Gained mutation: You are partially covered in rugged brown scales. (AC +1, +3% HP) [potion of mutation]
  1855 | D:3      | Gained mutation: You are frail. (-10% HP) [potion of mutation]
  1855 | D:3      | Gained mutation: Your mind is acute. (Int +2) [potion of mutation]
  1855 | D:3      | Gained mutation: Your skin changes colour to match your surroundings (Stealth+). [potion of mutation]
  1891 | D:3      | Reached XP level 5. HP: 31/39 MP: 9/9
  1892 | D:3      | Noticed Jessica
  1903 | D:3      | Killed Jessica
  2157 | D:3      | Noticed Ijyb
  2182 | D:3      | Killed Ijyb
  2880 | D:4      | Reached XP level 6. HP: 46/46 MP: 10/10
  3184 | D:4      | Lost mutation: You are frail. (-10% HP) [potion of mutation]
  3184 | D:4      | Lost mutation: Your mind is acute. (Int +2) [potion of mutation]
  3184 | D:4      | Gained mutation: You are covered in fur. (AC +1) [potion of mutation]
  3184 | D:4      | Gained mutation: You are dopey. (Int -2) [potion of mutation]
  3184 | D:4      | Gained mutation: You have a pair of small antennae on your head. [potion of mutation]
  3206 | D:4      | Reached skill level 5 in Fighting
  3206 | D:4      | Reached skill level 5 in Polearms
  3344 | D:4      | Noticed Natasha
  3352 | D:4      | Killed Natasha
  3387 | D:4      | Reached XP level 7. HP: 57/57 MP: 12/12
  3427 | D:4      | Noticed Natasha
  3440 | D:4      | Killed Natasha
  4222 | D:5      | Entered Level 5 of the Dungeon
  4308 | D:5      | Reached XP level 8. HP: 45/64 MP: 14/14
  5383 | D:6      | Noticed Eustachio
  5411 | D:6      | Reached XP level 9. HP: 17/71 MP: 14/16
  5667 | D:6      | Noticed Pikel
  5702 | D:6      | Paralysed by Pikel for 5 turns
  5717 | D:6      | Paralysed by Pikel for 5 turns
  5733 | D:6      | Killed Pikel
  5733 | D:6      | Reached skill level 5 in Spellcasting
  5733 | D:6      | Reached skill level 5 in Poison Magic
  6036 | D:6      | Reached skill level 5 in Dodging
  6036 | D:6      | Reached skill level 5 in Evocations
  6099 | D:6      | Identified Kidghavas's Guide on the Escort
  6220 | D:6      | Killed Eustachio
  6220 | D:6      | Reached skill level 5 in Stealth
  6331 | D:6      | Found a staircase to the Ecumenical Temple.
  6345 | Temple   | Entered the Ecumenical Temple
  6520 | Temple   | Became a worshipper of Ru the Awakened
  7103 | D:7      | Reached skill level 5 in Invocations
  7250 | D:7      | Noticed Prince Ribbit
  7292 | D:7      | Killed Prince Ribbit
  7545 | D:8      | Reached XP level 10. HP: 79/79 MP: 18/18
  8009 | D:8      | Gained mutation: You are slightly vulnerable to magic. (MR-) [Ru sacrifice]
  8009 | D:8      | Reached * piety under Ru
  8637 | D:9      | Reached skill level 5 in Short Blades
  8637 | D:9      | Reached skill level 5 in Long Blades
  8637 | D:9      | Reached skill level 5 in Axes
  8637 | D:9      | Reached skill level 5 in Maces & Flails
  8637 | D:9      | Reached skill level 5 in Staves
  8637 | D:9      | Reached skill level 5 in Slings
  8637 | D:9      | Reached skill level 5 in Bows
  8637 | D:9      | Reached skill level 5 in Crossbows
  8637 | D:9      | Reached skill level 5 in Throwing
  8637 | D:9      | Reached skill level 5 in Armour
  8637 | D:9      | Reached skill level 5 in Shields
  8637 | D:9      | Reached skill level 5 in Unarmed Combat
 10011 | D:9      | Found Alocretac's Gadget Shoppe.
 10079 | D:9      | Found a sparkling altar of Nemelex Xobeh.
 10307 | D:10     | Entered Level 10 of the Dungeon
 10378 | D:10     | Learned a level 2 spell: Blink
 10381 | D:10     | Learned a level 2 spell: Call Imp
 10383 | D:10     | Learned a level 1 spell: Magic Dart
 10397 | D:10     | Identified a scroll of acquirement
 10397 | D:10     | Identified the Collected Works on Dislocation and Conjuration (You acquired it on level 10 of the Dungeon)
 10454 | D:10     | Found Syunaol's Armour Emporium.
 10472 | D:10     | Reached XP level 11. HP: 52/86 MP: 14/20
 10487 | D:10     | Found a staircase to the Orcish Mines.
 11074 | D:10     | Gained mutation: You cannot train Armour skill. [Ru sacrifice]
 11074 | D:10     | Reached ** piety under Ru
 11496 | D:11     | Found a staircase to the Lair.
 11679 | D:11     | Noticed Urug
 11694 | D:11     | Reached skill level 5 in Conjurations
 11694 | D:11     | Reached skill level 5 in Hexes
 11694 | D:11     | Reached skill level 5 in Charms
 11694 | D:11     | Reached skill level 5 in Summonings
 11694 | D:11     | Reached skill level 5 in Necromancy
 11694 | D:11     | Reached skill level 5 in Translocations
 11694 | D:11     | Reached skill level 5 in Transmutations
 11694 | D:11     | Reached skill level 5 in Fire Magic
 11694 | D:11     | Reached skill level 5 in Ice Magic
 11694 | D:11     | Reached skill level 5 in Air Magic
 11694 | D:11     | Reached skill level 5 in Earth Magic
 11720 | D:11     | Killed Urug
 12114 | D:12     | Lost mutation: You are dopey. (Int -2) [potion of mutation]
 12114 | D:12     | Lost mutation: Your skin changes colour to match your surroundings (Stealth+). [potion of mutation]
 12114 | D:12     | Lost mutation: You are covered in fur. (AC +1) [potion of mutation]
 12114 | D:12     | Gained mutation: You are dopey. (Int -2) [potion of mutation]
 12114 | D:12     | Gained mutation: Your flesh is heat resistant. (rF+) [potion of mutation]
 12184 | D:12     | Got a brightly glowing golden ring
 12197 | D:12     | Identified the ring of Xom's Passing Interest {rF+ rC+} (You found it on level 12 of the Dungeon)
 12202 | D:12     | Noticed a manticore
 12257 | D:12     | Killed a manticore
 12432 | D:12     | Noticed Rupert
 12470 | D:12     | Killed Rupert
 12512 | D:12     | Noticed a seven-headed hydra
 12693 | D:12     | Learned a level 3 spell: Confuse
 12709 | D:12     | Noticed an ice dragon
 12709 | D:12     | a seven-headed hydra changed into an ice dragon
 12813 | D:13     | Noticed an enchanted long sword
 12819 | D:13     | Found a gate to the Vaults.
 12819 | D:13     | Noticed an enchanted long sword
 12823 | D:13     | Killed an enchanted long sword
 12832 | D:13     | Slain by an enchanted long sword

Skill      XL: |  1  2  3  4  5  6  7  8  9 10 11 |
---------------+----------------------------------+-----
Invocations    | 1 2 3 4 5 6 7 |  7.3
Short Blades   | 1 2 3 4 5 6 |  6.6
Long Blades    | 1 2 3 4 5 6 |  6.6
Axes           | 1 2 3 4 5 6 |  6.6
Maces & Flails | 1 2 3 4 5 6 |  6.6
Staves         | 1 2 3 4 5 6 |  6.6
Slings         | 1 2 3 4 5 6 |  6.6
Bows           | 1 2 3 4 5 6 |  6.6
Crossbows      | 1 2 3 4 5 6 |  6.6
Throwing       | 1 2 3 4 5 6 |  6.6
Armour         | 1 2 3 4 5 0 |  0.0
Shields        | 1 2 3 4 5 6 |  6.6
Unarmed Combat | 1 2 3 4 5 6 |  6.6
Spellcasting   | 3 4 5 6 7 |  7.3
Conjurations   | 1 2 3 4 5 |  5.5
Hexes          | 1 2 3 4 5 |  5.5
Charms         | 1 2 3 4 5 |  5.5
Summonings     | 1 2 3 4 5 |  5.5
Necromancy     | 1 2 3 4 5 |  5.5
Translocations | 1 2 3 4 5 |  5.5
Transmutations | 1 2 3 4 5 |  5.5
Fire Magic     | 1 2 3 4 5 |  5.5
Ice Magic      | 1 2 3 4 5 |  5.5
Air Magic      | 1 2 3 4 5 |  5.5
Earth Magic    | 1 2 3 4 5 |  5.5
Dodging        | 3 4 5 6 7 |  7.2
Evocations     | 3 4 5 6 7 |  7.2
Poison Magic   | 4 5 6 |  6.8
Stealth        | 3 4 5 6 7 |  7.1
Fighting       | 5 6 7 8 |  8.2
Polearms       | 5 6 7 8 |  8.2

Action                   |  1- 3 |  4- 6 |  7- 9 | 10-12 || total
-------------------------+-------+-------+-------+-------++-------
Melee: Spear             |    55 |   143 |   530 |   455 ||  1183
       Bite              |    13 |    13 |    55 |    58 ||   139
       Hand axe          |    35 |       |       |       ||    35
       Double sword      |       |       |       |    64 ||    64
       Punch             |       |       |       |     1 ||     1
 Fire: Blowgun           |       |       |       |     1 ||     1
       Shortbow          |       |       |       |    44 ||    44
Throw: Stone             |    68 |    88 |    57 |    98 ||   311
       Tomahawk          |       |       |    54 |    43 ||    97
       Javelin           |       |       |       |    16 ||    16
 Cast: Blink             |       |       |       |    15 ||    15
       Call Imp          |       |       |       |    46 ||    46
       Magic Dart        |       |       |       |     5 ||     5
       Confuse           |       |       |       |     2 ||     2
Invok: Sacrifice Essence |       |       |       |     1 ||     1
       Sacrifice Durabil |       |       |       |     1 ||     1
Evoke: Wand              |       |       |     1 |    31 ||    32
  Use: Scroll            |     9 |     3 |     7 |    19 ||    38
       Potion            |     6 |     2 |     3 |     8 ||    19
 Stab: Sleeping          |       |     1 |    12 |     2 ||    15
       Distracted        |       |       |       |     5 ||     5
       Invisible         |       |       |       |     1 ||     1
  Eat: Chunk             |     2 |     6 |    10 |    12 ||    30
       Ration            |       |       |     1 |     2 ||     3
Armor: Robe              |    11 |       |       |       ||    11
       Skin              |     3 |       |    16 |    34 ||    53
       Leather armour    |     1 |    25 |    26 |       ||    52
       Plate armour      |       |       |   152 |   208 ||   360
       Steam dragon scal |       |       |       |    50 ||    50
Dodge: Dodged            |    44 |    40 |   157 |   378 ||   619
Block: Buckler           |     2 |    12 |    84 |   146 ||   244
       Rpst.: Double sword |       |       |       |    15 ||    15
